 Dungeon Crawl Stone Soup version 0.17.0-56-gd8de76c (webtiles) character file.

1193 Miyamura the Fighter (level 8, -4/88 HPs)
             Began as an Ogre Hunter on Dec 5, 2015.
             Was an Initiate of Cheibriados.
             Slain by a gnoll sergeant
             ... wielding a +3 spear of flaming
              (8 damage)
             ... on level 6 of the Dungeon.
             The game lasted 00:17:45 (6850 turns).

Miyamura the Fighter (Ogre Hunter)                  Turns: 6850, Time: 00:17:45

Health: -4/88      AC:  4    Str: 19    XL:     8   Next: 43%
Magic:  17/17      EV: 13    Int: 11    God:    Cheibriados [......]
Gold:   314        SH:  0    Dex: 11    Spells: 0 memorised, 7 levels left

rFire  . . .     SeeInvis .     x - +0 giant spiked club
rCold  . . .     Clarity  .     b - +1 robe
rNeg   . . .     SustAt   .     (shield currently unavailable)
rPois  .         Gourm    .     (helmet restricted)
rElec  .         Spirit   .     (no cloak)
rCorr  .         Warding  .     (gloves unavailable)
rMut   .         Stasis   .     (boots unavailable)
MR     .....                    (no amulet)
Stlth  ++........               (no ring)
                                j - ring of magical power

@: slow, not resistant to hostile enchantments, unstealthy
A: unfitting armour, horns 1, repulsion field 1, blurry vision 1, dopey 1, tough
skin 1, subdued magic 1
a: Bend Time, Renounce Religion


You were on level 6 of the Dungeon.
You worshipped Cheibriados.
Cheibriados was noncommittal.
You were not hungry.

You visited 2 branches of the dungeon, and saw 7 of its levels.
You also visited: Sewer.

You collected 314 gold pieces.

Inventory:

Hand Weapons
 f - a +1 dagger of protection
 x - a +0 giant spiked club (weapon)
Missiles
 c - 4 large rocks (quivered)
 d - 2 throwing nets
Armour
 b - a +1 robe (worn)
 r - a +0 shield
Jewellery
 i - an uncursed ring of fire
 j - a ring of magical power (left hand)
Scrolls
 a - a scroll of magic mapping
 l - a scroll of remove curse
 n - a scroll of enchant armour
 s - a scroll of teleportation
Potions
 g - 2 potions of curing
 o - a potion of heal wounds
 q - 2 potions of flight
 v - a potion of resistance
Comestibles
 e - 4 bread rations
 k - 2 beef jerkies
 m - 2 fruits


   Skills:
 + Level 8.1 Fighting
 + Level 3.3 Maces & Flails
 + Level 5.8 Throwing
 + Level 4.3 Dodging
 + Level 3.7 Stealth


You had 7 spell levels left.
You didn't know any spells.

Dungeon Overview and Level Annotations

Branches:
Dungeon (6/15)             Temple (1/1) D:5

Altars:
Ashenzari
Cheibriados
Dithmenos
Elyvilon
Fedhas
Gozag
Kikubaaqudgha
Makhleb
Nemelex Xobeh
Okawaru
Qazlal
Ru
Sif Muna
Trog
Vehumet
Yredelemnul
Zin
The Shining One


Innate Abilities, Weirdness & Mutations

You are too large for most types of armour.
You have tough skin (AC +1).
You have a pair of small horns on your head.
You are surrounded by a mild repulsion field (EV +2).
Scrolls take you a little longer to read.
You are dopey. (Int -2)
Your spells are a little easier to cast, but a little less powerful.


Message History

The gnoll sergeant burns you.
The gnoll sergeant hits you with a spear of flaming!
The gnoll sergeant burns you.
You hit the gnoll sergeant but do no damage.
The gnoll sergeant is almost dead.
The gnoll sergeant misses you.
The gnoll sergeant hits you with a spear of flaming!
The gnoll sergeant burns you.
You barely miss the gnoll sergeant.
The gnoll sergeant is almost dead.
The gnoll sergeant hits you with a spear of flaming!
* * * LOW HITPOINT WARNING * * *
The gnoll sergeant burns you.
* * * LOW HITPOINT WARNING * * *
You closely miss the gnoll sergeant.
The gnoll sergeant is almost dead.
The gnoll sergeant hits you with a spear of flaming!
* * * LOW HITPOINT WARNING * * *
The gnoll sergeant burns you!
You die...

# ## ##.
################# #..
#.......#.......# [..
#.#####.#.#####.# #..
#.#####.#.##..#.########
##.
#..........@g..........#
##
#....!#.#.#####.######.#
# #.....#.#.......# ..#
#.......######### ..#
##...#### ..# ##.##


.gg #.# #.g. #.# .g. #.## You could see a gnoll sergeant.

Vanquished Creatures
  A sky beast (D:5)
  3 centaurs (D:5)
  A crocodile (Sewer)
  2 ogres
  A giant frog (D:6)
  3 crimson imps
  A giant frog zombie (D:6)
  A hound (D:4)
  An orc wizard (D:3)
  3 iguanas
  3 worker ants
  A hound skeleton (D:5)
  Robin (D:4)
  4 gnolls (D:5)
  A river rat (D:3)
  4 adders
  2 oozes
  An adder skeleton (D:4)
  2 worms
  3 giant geckos
  5 orcs
  3 giant cockroaches (D:3)
  16 goblins
  9 hobgoblins
  2 quokkas (D:5)
  A ball python (D:1)
  5 bats
  10 giant newts
  14 jackals
  11 kobolds
  12 rats
127 creatures vanquished.

Notes
Turn   | Place    | Note
--------------------------------------------------------------
     0 | D:1      | Miyamura the Ogre Hunter began the quest for the Orb.
     0 | D:1      | Reached XP level 1. HP: 22/22 MP: 1/1
   154 | D:1      | Reached skill level 1 in Stealth
   154 | D:1      | Reached XP level 2. HP: 12/31 MP: 2/2
   860 | D:1      | Reached XP level 3. HP: 39/39 MP: 3/3
  1572 | D:2      | Reached XP level 4. HP: 40/49 MP: 4/4
  1806 | D:2      | Found a shattered altar of Ashenzari.
  1807 | D:2      | Found a basalt altar of Yredelemnul.
  1813 | D:2      | Found a white marble altar of Elyvilon.
  1813 | D:2      | Found a glowing silver altar of Zin.
  1813 | D:2      | Found an iron altar of Okawaru.
  1813 | D:2      | Found a stormy altar of Qazlal.
  1813 | D:2      | Found a sacrificial altar of Ru.
  1814 | D:2      | Found a sparkling altar of Nemelex Xobeh.
  1815 | D:2      | Found a blossoming altar of Fedhas.
  1816 | D:2      | Found a deep blue altar of Sif Muna.
  1818 | D:2      | Found a bloodstained altar of Trog.
  2053 | D:3      | Found a glowing drain.
  2122 | Sewer    | Entered a sewer
  2205 | Sewer    | Noticed a crocodile
  2222 | Sewer    | Killed a crocodile
  2222 | Sewer    | Reached skill level 5 in Fighting
  2222 | Sewer    | Reached XP level 5. HP: 35/57 MP: 5/5
  3035 | D:3      | Reached XP level 6. HP: 59/67 MP: 6/6
  3308 | D:3      | Reached skill level 6 in Fighting
  3737 | D:4      | Noticed Robin
  3901 | D:4      | Killed Robin
  4352 | D:4      | Reached skill level 7 in Fighting
  4352 | D:4      | Reached XP level 7. HP: 50/78 MP: 7/7
  4914 | D:5      | Entered Level 5 of the Dungeon
  4946 | D:5      | Reached skill level 1 in Maces & Flails
  4975 | D:5      | Gained mutation: Your spells are a little easier to cast, but a little less powerful. [mutagenic meat]
  4976 | D:5      | Gained mutation: You are surrounded by a mild repulsion field (EV +2). [mutagenic meat]
  4978 | D:5      | Gained mutation: You have a pair of small horns on your head. [mutagenic meat]
  5144 | D:5      | Reached skill level 5 in Throwing
  5249 | D:5      | Reached XP level 8. HP: 36/88 MP: 8/8
  5926 | D:5      | Found a staircase to the Ecumenical Temple.
  5940 | Temple   | Entered the Ecumenical Temple
  6184 | Temple   | Became a worshipper of Cheibriados the Contemplative
  6611 | D:6      | Reached skill level 8 in Fighting
  6806 | D:6      | Gained mutation: You are dopey. (Int -2) [potion of mutation]
  6806 | D:6      | Gained mutation: Scrolls take you a little longer to read. [potion of mutation]
  6850 | D:6      | HP: 4/88 [gnoll sergeant/spear of flaming (16)]
  6850 | D:6      | Slain by a gnoll sergeant

Action                   |  1- 3 |  4- 6 |  7- 9 || total
-------------------------+-------+-------+-------++-------
Melee: Short sword       |    29 |       |       ||    29
       Dagger            |   107 |   294 |       ||   401
       Giant spiked club |       |     5 |   120 ||   125
Throw: Large rock        |     6 |    31 |    10 ||    47
  Use: Scroll            |     3 |     6 |     6 ||    15
       Potion            |       |       |     4 ||     4
 Stab: Sleeping          |     1 |     3 |     1 ||     5
  Eat: Chunk             |     2 |    10 |     7 ||    19
       Pizza             |       |       |     1 ||     1
       Meat ration       |       |       |     1 ||     1
